 Dungeon Crawl Stone Soup version 0.28.0 (webtiles) character file.

Game seed: 2003332696085972366

3352 Hasart the Slasher (level 9, 0/74 HPs)
             Began as a Demigod Fighter on Feb 10, 2022.
             Slain by a human (2 damage)
             ... in a bailey.
             The game lasted 00:14:05 (8590 turns).

Hasart the Slasher (Demigod Fighter)                Turns: 8590, Time: 00:14:05

Health: 0/74       AC:  8    Str: 21    XL:     9   Next: 45%
Magic:  11/11      EV: 13    Int: 10    God:
Gold:   371        SH:  7    Dex: 27    Spells: 8/8 levels left

rFire   . . .      SeeInvis .   s - +0 scimitar (pain)
rCold   . . .      Faith    .   c - +0 buckler
rNeg    . . .      Spirit   .   b - +1 scale mail
rPois   .          Reflect  .   (no helmet)
rElec   .          Harm     .   t - scarf {repulsion}
rCorr   .          Rampage  .   (no gloves)
Will    +....                   (no boots)
Stlth   +.........              r - amulet of regeneration
HPRegen 1.02/turn               j - +6 ring of dexterity
MPRegen 0.12/turn               o - ring of willpower

@: mighty, hasted, invisible, repel missiles, very quick
A: high MP 1, forlorn, divine attributes
a: no special abilities


You were in a bailey.
You visited 1 branch of the dungeon, and saw 8 of its levels.
You also visited: Ossuary and Bailey.

You collected 371 gold pieces.

Inventory:

Hand Weapons
 s - a +0 scimitar of pain (weapon)
Armour
 b - a +1 scale mail (worn)
 c - a +0 buckler (worn)
 t - a scarf of repulsion (worn)
Jewellery
 a - a ring of protection from fire
 e - a ring of ice
 j - a +6 ring of dexterity (left hand)
 o - a ring of willpower (right hand)
 p - a ring of protection from cold
 r - an amulet of regeneration (around neck)
Wands
 k - a wand of polymorph (21)
 w - a wand of digging (7)
Scrolls
 i - 3 scrolls of teleportation
 q - 2 scrolls of enchant armour
 u - 3 scrolls of identify
Potions
 d - 2 potions of might
 g - a potion of heal wounds {unknown}
 h - a potion of ambrosia {unknown}
 m - 2 potions of lignification
 n - 4 potions of flight


   Skills:
 + Level 5.5 Fighting
 * Level 7.2 Long Blades
 + Level 5.5 Armour
 + Level 4.5 Dodging
 + Level 5.5 Shields
 + Level 2.2 Necromancy
 + Level 3.1 Evocations


You had 8 spell levels left.
You didn't know any spells.
Your spell library contained the following spells:

 Spells                   Type           Power      Damage    Failure   Level
 Slow                     Hex            0%         N/A       77%         1
 Vampiric Draining        Necr           4%         2d6       83%         3
 Scorch                   Fire           0%         2d5       88%         2
 Confusing Touch          Hex            0%         N/A       98%         3
 Ozocubu's Armour         Ice            0%         N/A       98%         3
 Flame Wave               Conj/Fire      0%         2d4       100%        4
 Metabolic Englaciation   Hex/Ice        0%         N/A       100%        5
 Simulacrum               Ice/Necr       1%         N/A       100%        6
 Summon Cactus Giant      Summ           0%         N/A       100%        6


Dungeon Overview and Level Annotations

Branches:
Dungeon (8/15)             Temple (0/1) D:6         Ossuary (visited)
 Bailey (1/1)
   Lair: D:8-11

Shops:
D:1 (


Innate Abilities, Weirdness & Mutations

You have an increased reservoir of magic. (+10% MP)
You shall have no god before yourself.
Your divine heritage dramatically boosts your attributes as you level up.


Message History

You kill the bullfrog!
The bullfrog closely misses you. The orc misses you.
Unknown command.
You slice the hobgoblin!!
You kill the hobgoblin!
The gnoll hits you with a +0 hand axe.
* * * LOW HITPOINT WARNING * * *
The bullfrog misses you. The orc misses you.
You slash the human!
The human is heavily wounded.
The bullfrog hits you but does no damage.
The gnoll hits you with a +0 hand axe.
* * * LOW HITPOINT WARNING * * *
The human closely misses you.
Unknown command.
You hit the bullfrog.
The bullfrog writhes in agony.
The bullfrog is moderately wounded.
The bullfrog misses you.
You catch the helpless bullfrog completely off-guard!
You slash the bullfrog!
The bullfrog writhes in agony.
The bullfrog is almost dead.
The bullfrog closely misses you. The gnoll hits you with a +0 hand axe.
* * * LOW HITPOINT WARNING * * *
The bullfrog hits you.
* * * LOW HITPOINT WARNING * * *
Unknown command.
The hobgoblin misses you. x2
The hobgoblin barely misses you.
Okay, then.
You hit the human.
The human is lightly wounded.
A bullfrog comes into view.
You catch the helpless human completely off-guard!
You slash the human!
The human is heavily wounded.
The hobgoblin hits you with a +0 hand axe.
* * * LOW HITPOINT WARNING * * *
The human hits you with a +2 vorpal hand axe.
* * * LOW HITPOINT WARNING * * *
You die...

## ≈≈## ≈≈≈#
##### ≈≈≈≈+
##...##≈≈≈≈#
#.pp..'≈≈≈#
#.g).p######
#o.pgF@)...#
##..g##F.....#
##### ......#
.###### ##


You could see 4 humans, 2 bullfrogs, a gnoll, an orc and 2 hobgoblins.

Vanquished Creatures
  Maggie (D:6)
  3 humans (Bailey)
  A steam dragon (D:8)
  A water moccasin (D:7)
  7 black bears
  An ice beast (D:5)
  A sky beast (D:6)
  3 ogres
  4 bullfrogs
  A scorpion (D:6)
  2 water moccasin zombies (Ossuary)
  An electric eel (D:6)
  3 hounds (D:6)
  4 jellies
  3 bullfrog skeletons
  3 orc priests
  3 iguanas
  Natasha (thrice) (D:3)
  4 orc wizards
  A hound skeleton (D:4)
  3 mummies
  5 adders
  2 shadow imps
  A white imp (D:6)
  2 ufetubi
  2 adder skeletons
  An adder zombie (Ossuary)
  2 worms (D:2)
  2 dart slugs
  25 orcs
  11 ball pythons
  5 endoplasms
  3 giant cockroaches
  7 goblins
  7 hobgoblins
  9 jackals
  A quokka (D:5)
  7 bats
  A frilled lizard (D:3)
  5 gnoll zombies (Ossuary)
  4 hobgoblin zombies
  2 kobolds
  3 kobold zombies (Ossuary)
  3 orc zombies (Ossuary)
  6 rats
169 creatures vanquished.

Notes
Turn   | Place    | Note
-------+----------+-------------------------------------------
     0 | D:1      | Hasart the Demigod Fighter began the quest for the Orb.
     0 | D:1      | Reached XP level 1. HP: 18/18 MP: 3/3
   250 | D:1      | Reached skill level 2 in Long Blades
   267 | D:1      | Found Rugigiru's Weapon Shop.
   406 | D:1      | Reached XP level 2. HP: 25/25 MP: 4/4
  1296 | D:2      | Reached XP level 3. HP: 29/30 MP: 5/5
  1553 | D:2      | Reached skill level 1 in Dodging
  1826 | D:3      | Reached XP level 4. HP: 13/38 MP: 6/6
  3232 | D:4      | Reached skill level 3 in Long Blades
  3374 | D:4      | Reached XP level 5. HP: 34/45 MP: 7/7
  3463 | D:4      | Noticed an ogre
  3806 | D:4      | Noticed Natasha
  3806 | D:4      | Noticed a black bear
  4015 | D:3      | Killed Natasha
  4016 | D:3      | Reached XP level 6. HP: 42/51 MP: 8/8
  4079 | D:4      | Reached skill level 4 in Long Blades
  4416 | D:3      | Noticed Natasha
  4426 | D:3      | Killed Natasha
  4644 | D:3      | Reached XP level 7. HP: 44/58 MP: 9/9
  4677 | D:3      | Noticed Natasha
  4686 | D:3      | Killed Natasha
  5328 | D:5      | Entered Level 5 of the Dungeon
  5410 | D:5      | Reached skill level 5 in Long Blades
  5486 | D:5      | Found a sand-covered staircase.
  5624 | Ossuary  | Entered an ossuary
  6831 | D:6      | Reached XP level 8. HP: 67/67 MP: 10/10
  6974 | D:6      | Found a staircase to the Ecumenical Temple.
  7190 | D:6      | Reached skill level 1 in Evocations
  7364 | D:6      | Noticed Maggie
  7377 | D:6      | Killed Maggie
  7378 | D:6      | Reached skill level 6 in Long Blades
  7480 | D:6      | Reached skill level 5 in Fighting
  7555 | D:6      | Reached skill level 5 in Armour
  7555 | D:6      | Reached skill level 5 in Shields
  7715 | D:6      | Reached skill level 1 in Necromancy
  7908 | D:7      | Reached XP level 9. HP: 62/74 MP: 11/11
  8430 | D:8      | Found a flagged portal.
  8513 | Bailey   | Entered a bailey
  8536 | Bailey   | Reached skill level 7 in Long Blades
  8551 | Bailey   | HP: 4/111 [human (9)]
  8562 | Bailey   | HP: 1/74 [human (7)]
  8579 | Bailey   | HP: 1/74 [bullfrog (3)]
  8590 | Bailey   | HP: 2/74 [human (6)]
  8590 | Bailey   | Slain by a human

Illustrated notes

Levels and vault maps discovered:
D:1:      psy_arrival_whirlpool, layout_basic, serial_shops,
          nicolae_shop_bloodbath_and_beyond, ebering_ecumenical_altar_petrified
D:2:      layout_rooms
D:3:      layout_basic, minmay_misc_feat_alley
D:4:      layout_loops_ring, uniq_natasha
D:5:      layout_rooms, nicolae_ossuary_entry_giza, fountainhead
D:6:      layout_basic, doesnt_xom_only_xom, mainiacjoe_overflow_alcove_1,
          minmay_temple_entry_offerings, minmay_statues_item,
          nicolae_water_bricks, uniq_maggie
D:7:      layout_rooms
D:8:      layout_basic, erik_lair_island, enter_bailey_2, uniq_harold,
          uniq_pikel
Bailey:   bailey_axe_froggy_fort_hellmonk, bailey

Skill      XL: |  1  2  3  4  5  6  7  8  9 |
---------------+----------------------------+-----
Long Blades    | 2 3 4 5 6 7 |  7.2
Fighting       | 3 4 5 |  5.5
Armour         | 3 4 5 |  5.5
Dodging        | 1 2 3 4 |  4.5
Shields        | 3 4 5 |  5.5
Evocations     | 2 3 |  3.1
Necromancy     | 1 2 |  2.2

Action                   |  1- 3 |  4- 6 |  7- 9 || total
-------------------------+-------+-------+-------++-------
Melee: Long sword        |   115 |   151 |   247 ||   513
       Scimitar          |       |       |   178 ||   178
  Use: Scroll            |       |       |     9 ||     9
       Potion            |       |       |    11 ||    11
 Stab: Invisible         |       |       |     3 ||     3
Armor: Scale mail        |    75 |    65 |   170 ||   310
       Skin              |       |       |    15 ||    15
Dodge: Dodged            |    73 |   104 |   263 ||   440
Block: Buckler           |    31 |    61 |   155 ||   247
